AoeStats
← FiveCarp4837322

MegaRandom

510674598Analyzed
4v4 RM · 1d ago on Oct 2, 2026· 17m 2s· 8 players
Game mode
Random Map
Map size
Large (8 player)
Population
200
Speed
Normal
Resources
Standard
Victory
Conquest
Starting age
Dark Age
Ending age
Imperial Age
RankedLock teamsTeams togetherTeam positionsShared explorationLock speedFull tech treeHidden civsTurbo modeCheats
Victory
Defeat
🇺🇸 Celts · United States
1000
+42
🇲🇽 Franks · Mexico
989
+15
🇺🇸 Mongols · United States
983
+15
🇺🇸 Britons · United States
919
+18
🇨🇷 Huns · Costa Rica
991
-17
🇵🇪 Goths · Peru
986
-17
🇨🇱 Magyars · Chile
953
-15
🇦🇷 Vietnamese · Argentina
909
-20
Dsaidm
12:41 Feudal Age
16:43 Castle Age
16:02 Double-Bit Axe
15:59 Horse Collar
cronathor
13:11 Loom
15:17 Feudal Age
16:04 Man-at-Arms
Jomz
0:42 Loom
13:09 Feudal Age
18:42 Castle Age
TheCakeCat
8:05 Loom
11:41 Feudal Age
12:18 Double-Bit Axe
13:04 Stone Mining
rick_m94
9:59 Feudal Age
16:16 Castle Age
15:45 Double-Bit Axe
kaiju
11:02 Feudal Age
12:07 Double-Bit Axe
19:13 Castle Age
FiveCarp4837322
3:48 Loom
12:12 Feudal Age
12:16 Man-at-Arms
13:46 Double-Bit Axe
15:03 Wheelbarrow
14:56 Forging
dannyicecold69
6:28 Loom
11:43 Feudal Age
12:35 Double-Bit Axe
Connection lost

Rejoining the realm…

Still unreachable

The connection could not be restored.

Session expired

The server has moved on; the page needs a fresh start.